Map: 茶山科學研究站 - 天梯版

Players

Kezia

  • Race: Zerg Zerg

Viggo - Winner!

  • Race: Protoss Protoss
  • League: Gold

VOD

Have the link to the VOD?

Description

Time

  • Played on: Oct. 1, 2016, 2:53 p.m.
  • Length: 8:31
Show
View Real Time Build Order
Export as new Build Order

Kezia Zerg 

Build Orders: Pool First 

Get SALT Encoding   

  12  0:04  Drone  
  13  0:16  Drone  
  14  0:33  Spawning Pool  
  14  0:35  Drone  
  14  0:38  Overlord  
  14  1:26  Hatchery  
  13  1:35  Extractor  
  13  1:39  Drone, Evolution Chamber  
  12  1:40  Drone x2  
  14  1:49  Roach Warren  
  13  2:03  Extractor, Queen  
  13  2:06  Zergling x2  
  13  2:07  Zergling x2  
  16  2:19  Drone  
  17  2:37  Metabolic Boost  
  17  2:47  Roach  
  19  2:53  Drone  
  19  2:54  Drone x2  
  22  3:01  Drone x2  
  24  3:12  Drone  
  25  3:21  Drone  
  26  3:30  Overlord  
  26  3:31  Drone  
  27  3:51  Roach x3  
  33  3:57  Drone x2  
  35  4:03  Zerg Ground Armor Level 1  
  35  4:07  Lair  
  35  4:14  Zergling x2  
  35  4:16  Overlord  
  36  4:46  Zergling x2  
  36  4:47  Zergling x4  
  39  5:00  Hatchery  
  39  5:03  Drone  
  31  5:22  Roach x2  
  27  5:34  Roach x3  
  15  6:09  Zergling x4  
  15  6:10  Zergling x2  
  1  6:57  Zergling x6  
  3  7:05  Zergling x6  
  6  7:11  Drone  
  1  7:38  Zergling x4  
Show
View Real Time Build Order
Export as new Build Order

Viggo Protoss - Winner!

Build Orders:  

Get SALT Encoding   

  12  0:06  Probe (Chrono Boost)  
  13  0:16  Probe (Chrono Boost)  
  13  0:20  Pylon  
  14  0:27  Probe (Chrono Boost)  
  15  0:38  Probe (Chrono Boost)  
  15  0:40  Gateway  
  17  1:04  Probe (Chrono Boost)  
  17  1:06  Assimilator  
  17  1:09  Assimilator  
  17  1:17  Gateway  
  17  1:22  Probe (Chrono Boost)  
  18  1:29  Cybernetics Core  
  18  1:33  Probe (Chrono Boost)  
  19  1:43  Probe (Chrono Boost)  
  20  1:49  Pylon  
  20  1:54  Probe (Chrono Boost)  
  21  1:55  Warp Gate  
  21  2:05  Adept  
  21  2:07  Adept  
  25  2:15  Probe (Chrono Boost)  
  26  2:26  Robotics Facility  
  26  2:29  Probe (Chrono Boost)  
  27  2:32  Adept  
  29  2:40  Pylon  
  31  2:46  Mothership Core (Chrono Boost)  
  33  2:58  Adept  
  33  3:06  Gateway  
  33  3:10  Gateway  
  33  3:20  Immortal  
  37  3:34  Stalker  
  39  3:54  Pylon  
  39  3:55  Pylon  
  39  4:07  Immortal  
  39  4:17  Stalker  
  45  4:22  Stalker  
  46  4:47  Adept x3  
  46  4:50  Stalker  
  54  5:01  Pylon  
  40  6:32  Adept x2  
  42  6:33  Adept x2  
  38  6:56  Adept x3  
  38  6:57  Adept  
  44  7:02  Immortal  
  48  7:17  Adept  
  48  7:18  Adept x3  
Tags
 
Add a new tag
Caveats
  • Supply blocks, unpowered buildings, or Contaminate may cause inaccurate times.
  • Supply counts are checked every 10 seconds.